 Dungeon Crawl Stone Soup version 0.14-a0-1626-g054e7ae (webtiles) character file.

1049 HollowCharge the Skirmisher (level 8, -6/87 HPs)
             Began as an Ogre Gladiator on Dec 23, 2013.
             Mangled by an orc warrior
             ... wielding a +0,+1 orcish war axe
              (20 damage)
             ... on Level 6 of the Dungeon on Dec 25, 2013.
             The game lasted 00:42:52 (6875 turns).

HollowCharge the Skirmisher (Ogre Gladiator)        Turns: 6875, Time: 00:42:52

HP  -6/87        AC 12     Str 23      XL: 8   Next: 12%
MP   8/8         EV  7     Int  7      God:
Gold 111         SH  0     Dex 10      Spells:  0 memorised,  7 levels left

rFire  x . .     SeeInvis .     n - +1,+3 dire flail (crush)
rCold  + + .     Clarity  +     G - +0 ice dragon armour
rNeg   . . .     Conserve .     (shield restricted)
rPois  .         rCorr    .     d - +1 wizard hat
rElec  .         rRot     .     k - +0 cloak
SustAb . .       Spirit   .     (gloves unavailable)
rMut   .         Warding  .     (boots unavailable)
Saprov + . .     Stasis   .     w - amulet of clarity
                                (no ring)
                                o - ring of flight

@: somewhat resistant to hostile enchantments, extremely unstealthy
A: unfitting armour, fast metabolism 1, saprovore 1, tough skin 1
a: Evoke Flight


You were on level 6 of the Dungeon.
You were not hungry.

You visited 1 branch of the dungeon, and saw 6 of its levels.

You collected 202 gold pieces.
You spent 91 gold pieces at shops.

Inventory:

Hand weapons
 n - a +1,+3 dire flail of crushing (weapon)
 p - a +4,+2 elven long sword of electrocution
 r - a +0,+3 orcish mace
Armour
 c - a +0 cap
 d - a +1 wizard hat (worn)
 k - a +0 cloak (worn)
 x - a +1 robe
 G - a +0 ice dragon armour (worn)
Magical devices
 a - a wand of invisibility (3)
 l - a wand of confusion (8)
Comestibles
 b - 3 chunks of human flesh
 f - 4 meat rations
 j - a choko
 q - a chunk of bat flesh
 u - a beef jerky
 v - a slice of pizza
 A - a bread ration
Scrolls
 g - a scroll of enchant weapon II
 h - a scroll of fog
 i - 2 scrolls of remove curse
 y - a scroll of teleportation {unknown}
 B - a scroll of identify
Jewellery
 o - a ring of flight (left hand)
 w - an amulet of clarity (around neck)
 z - an uncursed amulet of conservation
Potions
 e - a potion of restore abilities
 m - 2 potions of agility
 s - a potion of curing
Books
 t - the Compendium of Weightlessness
   (You found it on level 5 of the Dungeon)

   Spells                             Type                      Level
   Shock                              Conjuration/Air              1
   Swiftness                          Charms/Air                   2
   Airstrike                          Air                          4
   Lightning Bolt                     Conjuration/Air              5


   Skills:
 + Level 7.5 Fighting
 + Level 7.5 Maces & Flails
 - Level 2.1 Throwing
 + Level 5.5 Dodging


You had 7 spell levels left.
You didn't know any spells.

Dungeon Overview and Level Annotations

Branches:
Dungeon (6/16)
 Temple: D:4-7

Altars:
Makhleb
Okawaru

Shops:
D:5 /   D:6 *

Annotations:
D:3 Sigmund


Innate Abilities, Weirdness & Mutations

You are too large for most types of armour.
You have a fast metabolism.
You can tolerate rotten meat.
You have tough skin (AC +1).


Message History

The orc wizard gestures at you while chanting.
The magic dart hits you!
* * * LOW HITPOINT WARNING * * *
You feel better.
The orc wizard hits you but does no damage.
The orc warrior hits you but does no damage.
The orc wizard closely misses you.
You barely miss the orc warrior.
The orc warrior is lightly wounded.
The orc wizard closely misses you.
The orc warrior hits you with an orcish war axe!
* * * LOW HITPOINT WARNING * * *
The orc wizard hits you but does no damage.
You climb downwards.
The orc barely misses you. The orc hits you but does no damage.
There is a stone staircase leading up, spattered with blood here.
The bat hits you but does no damage.
The orc wizard hits you but does no damage.
The orc warrior hits you with an orcish war axe!
You die...

#......... #
#∩........ #.
#.#.##.###
#.#####.#.##.#
#...........(#
#............#
#............#
#....%..oob..#
#.......o@...#
#.##########.#
... .# ..#


You could see an orc warrior, an orc wizard, an orc and a bat.

Vanquished Creatures
  Edmund (D:5)
  An ice beast (D:5)
  2 ogres
  Satan Claus (D:3)
  A crimson imp (D:3)
  A centaur zombie (D:5)
  An orc priest (D:4)
  A hound (D:5)
  Crazy Yiuf (D:3)
  An orc wizard (D:4)
  An iguana (D:4)
  3 worker ants
  Terence (D:2)
  7 adders
  A gnoll (D:3)
  2 worms (D:4)
  8 giant geckos
  3 oozes
  6 orcs
  7 bats
  2 giant cockroaches
  11 hobgoblins
  5 jackals (D:1)
  18 kobolds
  4 quokkas
  4 giant newts
  11 goblins
  An orc skeleton (D:5)
  10 rats
116 creatures vanquished.

Vanquished Creatures (others)
  An orc (D:4)
1 creature vanquished.

Grand Total: 117 creatures vanquished

Notes
Turn   | Place    | Note
--------------------------------------------------------------
     0 | D:1      | HollowCharge, the Ogre Gladiator, began the quest for the Orb.
     0 | D:1      | Reached XP level 1. HP: 22/22 MP: 1/1
   217 | D:1      | Reached XP level 2. HP: 13/31 MP: 2/2
   667 | D:1      | Reached XP level 3. HP: 37/37 MP: 3/3
  1412 | D:2      | Noticed Terence
  1742 | D:2      | Reached XP level 4. HP: 44/48 MP: 4/4
  2297 | D:3      | Found an iron altar of Okawaru.
  2634 | D:3      | Noticed Sigmund
  2653 | D:3      | Noticed Crazy Yiuf
  2687 | D:2      | Upgraded the game from 0.14-a0-1590-g25a9b7f to 0.14-a0-1626-g054e7ae
  3111 | D:3      | Reached skill level 5 in Maces & Flails
  3111 | D:3      | Reached XP level 5. HP: 47/55 MP: 5/5
  3950 | D:3      | Killed Crazy Yiuf
  3950 | D:3      | Reached skill level 5 in Fighting
  4326 | D:4      | Found a burning altar of Makhleb.
  4559 | D:4      | Gained mutation: Your system is resistant to poisons. [potion of beneficial mutation]
  4597 | D:4      | Reached XP level 6. HP: 66/66 MP: 6/6
  4746 | D:4      | Lost mutation: Your system is resistant to poisons. [potion of cure mutation]
  4771 | D:4      | Reached skill level 6 in Maces & Flails
  5215 | D:4      | Noticed an ogre
  5228 | D:4      | Killed an ogre
  5228 | D:4      | Reached XP level 7. HP: 32/75 MP: 7/7
  5492 | D:5      | Entered Level 5 of the Dungeon
  5571 | D:5      | Identified the Compendium of Weightlessness
  5684 | D:5      | Noticed Edmund
  5701 | D:5      | Killed Edmund
  5701 | D:5      | Reached skill level 7 in Fighting
  5701 | D:5      | Reached skill level 5 in Dodging
  5847 | D:5      | Found Pham's Magical Wand Boutique.
  5859 | D:5      | Bought a wand of invisibility (3) for 91 gold pieces
  6200 | D:5      | Reached XP level 8. HP: 87/87 MP: 8/8
  6595 | D:3      | Killed Satan Claus
  6712 | D:2      | Killed Terence
  6825 | D:6      | Found Muimp's General Store.
  6875 | D:6      | Mangled by an orc warrior

Action                   |  1- 3 |  4- 6 |  7- 9 || total
-------------------------+-------+-------+-------++-------
Melee: Mace              |   106 |   199 |    34 ||   339
       Dire flail        |       |       |    68 ||    68
Throw: Throwing net      |       |     9 |     3 ||    12
Evoke: Wand              |       |     1 |       ||     1
  Use: Scroll            |       |    15 |     1 ||    16
       Potion            |       |     7 |     2 ||     9
 Stab: Sleeping          |     1 |       |       ||     1
       Held in net/web   |       |     1 |       ||     1
